 Dungeon Crawl Stone Soup version 0.31-a0-175-g9f7f995f2b (webtiles) character file.

Game seed: 18351989243791583489

4 qw the Shooter (level 1, 0/12 HPs)
             Began as a Gargoyle Hunter on June 16, 2023.
             Slain by a kobold
             ... wielding a +0 whip
              (3 damage)
             ... on level 1 of the Dungeon.
             The game lasted 00:00:01 (23 turns).

qw the Shooter (Gargoyle Hunter)                      Turns: 23, Time: 00:00:02

Health: 0/12       AC:  5    Str: 14    XL:     1   Next: 60%
Magic:  1/1        EV: 11    Int:  9    God:
Gold:   0          SH:  0    Dex: 13    Spells: 0/0 levels left

rFire   . . .        a - +0 shortbow
rCold   . . .        (shield currently unavailable)
rNeg    + . .        c - +0 leather armour
rPois   inf          (no helmet)
rElec   +            (no cloak)
rCorr   .            (no gloves)
SInv    .            (no boots)
Will    .....        (no amulet)
Stlth   +            (no ring)
HPRegen 0.22/turn    (no ring)
MPRegen 0.07/turn

%: no passive effects
@: no status effects
A: sickness immunity, AC +2, negative energy resistance 1, electricity
resistance, torment resistance 1, petrification resistance
a: no special abilities


You were on level 1 of the Dungeon.
You visited 1 branch of the dungeon, and saw 1 of its levels.


Innate Abilities, Weirdness & Mutations

You are immune to sickness and miasma.
Your stone body is resilient. (AC +2)
You are immune to poison.
You resist negative energy. (rN+)
You are resistant to electric shocks. (rElec)
You are resistant to unholy torment.
You are immune to petrification.


   Skills:
 - Level 2.1 Fighting
 + Level 4.2 Ranged Weapons
 - Level 1.5 Dodging
 - Level 1.1 Stealth


You couldn't memorise any spells.
You didn't know any spells.
Your spell library was empty.

Inventory:

Hand Weapons
 a - a +0 shortbow (weapon)
Armour
 c - a +0 leather armour (worn)
Scrolls
 b - a scroll of butterflies

Dungeon Overview and Level Annotations

Branches:
Dungeon (1/15)

Altars:


Message History

You shoot an arrow. The arrow hits the quokka!
You kill the quokka!
You shoot an arrow. The arrow barely misses the hobgoblin.
A kobold comes into view. It is wielding a +0 whip.
You shoot an arrow. The arrow closely misses the hobgoblin.
You shoot an arrow. The arrow hits the hobgoblin.
The hobgoblin is moderately wounded.
The hobgoblin barely misses you.
You shoot an arrow. The arrow barely misses the hobgoblin.
A kobold comes into view. It is wielding a +0 dagger.
The hobgoblin misses you.
You shoot an arrow. The arrow closely misses the hobgoblin.
The hobgoblin barely misses you.
You shoot an arrow. The arrow hits the hobgoblin!
You kill the hobgoblin!
The hobgoblin barely misses you. x2; The goblin hits you with a +0 club.
You shoot an arrow. The arrow misses the goblin.
The hobgoblin closely misses you. The goblin hits you with a +0 club.
You shoot an arrow. The arrow barely misses the goblin.
The hobgoblin barely misses you. The goblin barely misses you.
You shoot an arrow. The arrow barely misses the goblin.
The hobgoblin hits you but does no damage.
The goblin hits you with a +0 club.
You shoot an arrow. The arrow hits the goblin.
The goblin is almost dead.
The hobgoblin barely misses you. The goblin hits you but does no damage.
The kobold hits you with a +0 whip. The goblin hits you but does no damage.
The kobold closely misses you. The hobgoblin barely misses you.
You shoot an arrow. The arrow barely misses the goblin.
The hobgoblin barely misses you. The kobold barely misses you.
The goblin hits you but does no damage.
You shoot an arrow. The arrow hits the goblin.
You kill the goblin!
The hobgoblin hits you but does no damage.
The kobold barely misses you.
A rat comes into view.
You shoot an arrow. The arrow barely misses the kobold.
The hobgoblin barely misses you. The kobold hits you but does no damage.
The kobold barely misses you. The kobold hits you with a +0 whip.
You die...

#.~....~....
#.~.<}.~.(..
######.~....~....
.......#.¤..#....
#####.'#¤~## ...
#...¤..# #
#.#.###.... #.#.#
.... #.#@# .##
......KgK......
#.#.#....#....#
###... [..# #....
... ##.##. .. ..
#. . .. ..


You could see a hobgoblin and 2 kobolds.

Vanquished Creatures
  A goblin (D:1)
  A hobgoblin (D:1)
  A quokka (D:1)
3 creatures vanquished.

Notes
Turn   | Place    | Note
-------+----------+-------------------------------------------
     0 | D:1      | qw the Gargoyle Hunter began the quest for the Orb.
     0 | D:1      | Reached XP level 1. HP: 12/12 MP: 1/1
     0 | D:1      | 0 ||| qw: Version: 0.2-a-29-g511e9b1
     0 | D:1      | 0 ||| qw: Game counter: 5865
     0 | D:1      | 0 ||| qw: Always use a shield: true
     0 | D:1      | 0 ||| qw: God list: Okawaru
     0 | D:1      | 0 ||| qw: Allow faded altars: false
     0 | D:1      | 0 ||| qw: Do Orc after D:15 true
     0 | D:1      | 0 ||| qw: Do second Lair branch before Depths: true
     0 | D:1      | 0 ||| qw: Lair rune preference: random
     0 | D:1      | 0 ||| qw: Plans: Normal, Zot:1-4, Slime:5, God:TSO, Crypt,
                  | Tomb, Abyss, Pan, Hells, Win
     0 | D:1      | 0 ||| PLANNING D:1-11
    20 | D:1      | HP: 2/12 [kobold/+0 whip (4)]
    23 | D:1      | Slain by a kobold

Levels and vault maps discovered:
D:1:      dpeg_arrival_rooms_with_view, layout_loops_ring

Action                     || total
---------------------------++-------
   Fire: Shortbow          ||    16
 Armour: Leather armour    ||     6
  Dodge: Dodged            ||    16

Table legend:
 A = Non-vault XP
 B = Vault XP
 C = Vault XP percentage of total XP
 D = Non-vault monster count
 E = Vault monster count
 F = Vault count percentage of total count
                 A         B        C        D         E       F
            +---------+---------+-------+---------+---------+-------
      Total |       6 |       0 |   0.0 |       3 |       0 |   0.0
            +---------+---------+-------+---------+---------+-------
        D:1 |       6 |       0 |   0.0 |       3 |       0 |   0.0
            +---------+---------+-------+---------+---------+-------
